 Dungeon Crawl Stone Soup version 0.27-a0-1105-g946c659c87 (webtiles) character file.

Game seed: 13839900819400637854

40 kodamatunes15 the Cutter (level 3, 0/24 HPs)
             Began as a Kobold Berserker on Apr 30, 2021.
             Was a Follower of Trog.
             Succumbed to an adder's poison
             ... on level 2 of the Dungeon on May 1, 2021.
             The game lasted 00:19:30 (1641 turns).

kodamatunes15 the Cutter (Kobold Berserker)         Turns: 1641, Time: 00:19:31

Health: 0/24       AC:  5    Str: 15    XL:     3   Next: 72%
Magic:  3/3        EV: 14    Int:  8    God:    Trog [*.....]
Gold:   77         SH:  0    Dex: 14    Spells: 2/2 levels left

rFire    . . .     SeeInvis .   a - +1 short sword
rCold    . . .     Faith    .   (shield restricted)
rNeg     . . .     Spirit   .   h - +1 leather armour
rPois    .         Reflect  .   (no helmet)
rElec    .         Harm     .   (no cloak)
rCorr    .         Rampage  .   p - +0 pair of gloves
Will     .....                  (no boots)
Stlth    +++.......             (no amulet)
HPRegen  0.08/turn              (no ring)
MPRegen  0.08/turn              (no ring)

@: lethally poisoned (0 -> -1)
A: small, no large weapons, nightstalker 3
a: Renounce Religion, Berserk


You were on level 2 of the Dungeon.
You worshipped Trog.
Trog was aware of your devotion.
You visited 1 branch of the dungeon, and saw 2 of its levels.

You collected 77 gold pieces.

Inventory:

Hand Weapons
 a - a +1 short sword (weapon)
 f - a +0 hunting sling
 i - a +0 hand axe
 k - a +0 dagger
 n - a +0 club
 o - a +0 whip
Missiles
 c - 16 poisoned darts
 d - 28 bolts
 l - 83 stones
 s - 4 arrows
Armour
 b - a +0 animal skin
 g - a +0 robe
 h - a +1 leather armour (worn)
 p - a +0 pair of gloves (worn)
Magical Staves
 j - a staff of conjuration
Potions
 e - a potion of flight {unknown}
 m - a potion of haste {unknown}
 q - a potion of lignification {unknown}
 t - a potion of ambrosia {unknown}


   Skills:
 + Level 3.7 Fighting
 + Level 4.8 Short Blades
 + Level 1.6 Armour
 + Level 2.7 Dodging
 + Level 1.7 Stealth


You had 2 spell levels left.
You didn't know any spells.
Your spell library was empty.

Dungeon Overview and Level Annotations

Branches:
Dungeon (2/15)

Altars:

Shops:
D:1 =


Innate Abilities, Weirdness & Mutations

You are small and have problems with some larger weapons.
You are completely attuned to the shadows.


Message History

The goblin hits you but does no damage.
You closely miss the goblin.
The goblin is severely wounded.
The adder misses you. The goblin hits you with a +0 dagger.
You hit the goblin.
You kill the goblin!
Trog accepts your kill. The adder bites you.
You closely miss the adder. The hobgoblin hits you.
The adder bites you but does no damage.
You closely miss the adder. The adder bites you.
You are poisoned.
The adder poisons you! The hobgoblin misses you.
You feel sick. The adder misses you. The adder closely misses you.
Things that are here:
a +0 dagger; a scroll labelled TEGOOR LIMEORA; a goblin corpse You hit the adder.
The adder is lightly wounded.
You feel sick. The hobgoblin hits you. The adder misses you.
You hit the adder.
The adder is heavily wounded.
You feel sick. The adder barely misses you. The hobgoblin hits you.
* * * LOW HITPOINT WARNING * * *
You hit the adder.
The adder is almost dead.
* * * LOW HITPOINT WARNING * * *
You feel sick. The adder barely misses you. The hobgoblin barely misses you.
Okay, then.
As you read the scroll labelled VALU XESHASM, it crumbles to dust.
It is a scroll of enchant armour.
Your +0 leather armour glows green for a moment.
* * * LOW HITPOINT WARNING * * *
You feel sick. The adder bites you but does no damage.
The hobgoblin barely misses you.
You barely miss the hobgoblin.
* * * LOW HITPOINT WARNING * * *
You feel sick. The adder barely misses you. The hobgoblin misses you.
You hit the hobgoblin.
The hobgoblin is moderately wounded.
You die...

# .# #.##.###
##.#.....
.........
##.#@....
....gS...
##.#..### #.#.....
#.....## #...# .#.
#.#.### #...## .#.
#.#.# #)... ... #
#.######..#####...
#..............#


You could see an adder and a hobgoblin.

Vanquished Creatures
  An adder (D:2)
  2 dart slugs
  2 endoplasms (D:1)
  A giant cockroach (D:1)
  4 goblins
  2 hobgoblins
  4 kobolds (D:1)
  2 quokkas (D:1)
  A ball python (D:2)
  2 bats
  3 frilled lizards (D:1)
  3 rats (D:1)
27 creatures vanquished.

Notes
Turn   | Place    | Note
-------+----------+-------------------------------------------
     0 | D:1      | kodamatunes15 the Kobold Berserker began the quest for the
                  | Orb.
     0 | D:1      | Reached XP level 1. HP: 14/14 MP: 1/1
    30 | D:1      | Found a faded altar of an unknown god.
   249 | D:1      | Reached XP level 2. HP: 11/19 MP: 2/2
   830 | D:1      | Found Pitayt's Jewellery Boutique.
   838 | D:1      | Reached XP level 3. HP: 17/24 MP: 3/3
  1538 | D:2      | Reached skill level 1 in Stealth
  1640 | D:2      | HP: 1/24 [poisoned by an adder]
  1641 | D:2      | Succumbed to an adder's poison

Illustrated notes

Levels and vault maps discovered:
D:1:      ncdulo_wetmaze, layout_basic, ebering_ecumenical_altar_mist,
          serial_shops, shop_statue, minmay_tetromino_s2
D:2:      layout_loops_ring, basic_altar, minmay_liquid_box,
          chequers_serial_rivers_small_b, uniq_crazy_yiuf_cottage, uniq_natasha

Skill      XL: |  1  2  3 |
---------------+----------+-----
Stealth        | 1 |  1.7
Fighting       | |  3.7
Short Blades   | |  4.8
Armour         | |  1.6
Dodging        | |  2.7

Action                   || total
-------------------------++-------
Melee: Short sword       ||    81
Invok: Berserk           ||     1
  Use: Scroll            ||     3
 Stab: Sleeping          ||     9
Armor: Leather armour    ||    14
Dodge: Dodged            ||    43

Table legend: (Time is in decaauts)
 A = Elapsed time spent in this place.
 B = Non-inter-level travel time spent in this place.
 C = Inter-level travel time spent in this place.
 D = Time resting spent in this place.
 E = Time spent auto-exploring this place.
 F = Levels seen in this place.
 G = Mean time per level.
                   A        B        C        D        E       F      G
               +--------+--------+--------+--------+--------+-----+--------+
         Total |   1643 |    255 |   1388 |      0 |      0 |   2 |  821.5 |
       Dungeon |   1643 |    255 |   1388 |      0 |      0 |   2 |  821.5 |
               +--------+--------+--------+--------+--------+-----+--------+

Top non-repeatable levels by time:
     D:1: 1321 daAuts
     D:2: 321 daAuts
